 Dungeon Crawl Stone Soup version 0.15.0-23-gc2b521c (console) character file.

1013 gw the Twirler (level 8, -16/68 HPs)
             Began as a Minotaur Gladiator on Sept 9, 2014.
             Demolished by a goliath beetle (22 damage)
             ... on Level 6 of the Dungeon.
             The game lasted 00:04:27 (6196 turns).

gw the Twirler (Minotaur Gladiator)                 Turns: 6196, Time: 00:04:27

HP -16/68        AC 10     Str 19      XL: 8   Next:  1%
MP   3/3         EV  9     Int  5      God:
Gold 0           SH  0     Dex 12 (14) Spells:  0 memorised,  7 levels left

rFire  + . .     SeeInvis .     a - +0 quarterstaff
rCold  . . .     Clarity  .     n - +2 scale mail {rF+}
rNeg   . . .     rCorr    .     (no shield)
rPois  .         rRot     .     c - +0 hat
rElec  .         Spirit   .     (no cloak)
SustAb .         Warding  .     r - +0 pair of gloves
rMut   .         Stasis   .     (no boots)
Gourm  .                        (no amulet)
MR     .....                    (no ring)
                                (no ring)

@: not resistant to hostile enchantments, extremely unstealthy
A: retaliatory headbutt, horns 2
a: no special abilities


You were on level 6 of the Dungeon.
You were hungry.

You visited 1 branch of the dungeon, and saw 6 of its levels.

Inventory:

Hand weapons
 a - a +0 quarterstaff (weapon)
Missiles
 d - 3 throwing nets
 h - 151 stones (quivered)
Armour
 c - a +0 hat (worn)
 n - a +2 scale mail of fire resistance (worn)
 r - a +0 pair of gloves (worn)
Magical devices
 i - a wand of lightning (5)
Comestibles
 f - 4 bread rations
 k - 2 meat rations
 l - 2 royal jellies
 o - a beef jerky
 p - 5 fruits
Scrolls
 e - a scroll of remove curse
 q - 5 scrolls of identify
 s - a scroll of noise
Potions
 g - a potion of agility {unknown}
 j - 2 potions of magic
 m - 4 potions of curing
 t - a potion of might {unknown}
 u - a potion of restore abilities {unknown}


   Skills:
 + Level 5.3 Fighting
 * Level 7.7 Staves
 + Level 5.0 Throwing
 + Level 4.3 Armour
 - Level 3.2 Dodging


You had 7 spell levels left.
You didn't know any spells.

Dungeon Overview and Level Annotations

Branches:
Dungeon (6/15)
 Temple: D:4-7

Altars:

Annotations:
D:4 exclusion: downstairs
D:5 Pikel
D:6 Edmund


Innate Abilities, Weirdness & Mutations

You reflexively headbutt those who attack you in melee.
You have a pair of horns on your head.


Message History

ATTACKING (-1,1)
You barely miss the goliath beetle. You headbutt the goliath beetle.
The goliath beetle is moderately wounded.
The ice beast hits you but does no damage.
FLEEEEING!
ATTACKING (-1,0)
You hit the goliath beetle.
The goliath beetle is lightly wounded.
The black bear bites you but does no damage.
The black bear claws you.
The black bear claws you but does no damage.
The ice beast barely misses you.
FLEEEEING!
ATTACKING (-1,0)
You hit the goliath beetle but do no damage.
The goliath beetle is lightly wounded.
The black bear bites you. The black bear closely misses you.
The black bear claws you but does no damage.
The goliath beetle bites you!!
You die...

...# #..# #.[#
#..## #...## ##
#....######## .#
###...........##
.# #.
###.Y............#
.## #.#
#.BHh@....#####..#
..####.#
##.B####..).# .
..##..# #..##
###...# ......#
##..# #...#
....(## ##..##
##..#
......#####...#
..#
B.B...(......##
..# .....(########
. .....## ###


You could see 2 goliath beetles, Edmund, a black bear and an ice beast.

Table legend:
 A = Turns spent in this place as a percentage of turns spent in the entire game.
 B = Non-inter-level travel turns spent in this place as a percentage of non-inter-level travel turns spent in the entire game.
 C = Inter-level travel turns spent in this place as a percentage of turns spent in this place.
 D = Turns resting spent in this place as a percentage of non-inter-level travel turns spent in this place.
 E = Turns spent auto-exploring this place as a percentage of non-inter-level travel turns spent in this place.
 F = Non-inter-level travel turns spent in this place divided by the number of levels of this place that you've seen.
                   A       B       C       D       E      F
               +-------+-------+-------+-------+-------+----------------------
         Total | 100.0 | 100.0 |   1.6 |   3.2 |   9.5 | 387.8
       Dungeon | 100.0 | 100.0 |   1.6 |   3.2 |   9.5 | 387.8
               +-------+-------+-------+-------+-------+----------------------

Table legend:
 A = Kills in this place as a percentage of kills in entire the game.
 B = Kills by you in this place as a percentage of kills by you in the entire game.
 C = Kills by friends in this place as a percentage of kills by friends in the entire game.
 D = Other kills in this place as a percentage of other kills in the entire game.
 E = Experience gained in this place as a percentage of experience gained in the entire game.
 F = Experience gained in this place divided by the number of levels of this place that you have seen.
                   A       B       C       D       E      F
               +-------+-------+-------+-------+-------+----------------------
         Total | 100.0 | 100.0 |  -nan |  -nan | 100.0 | 241.3
       Dungeon | 100.0 | 100.0 |  -nan |  -nan | 100.0 | 241.3
               +-------+-------+-------+-------+-------+----------------------

Vanquished Creatures
  Grinder (D:3)
  The ghost of SlowGraham the Slasher, an average MiBe of Trog (D:5)
  A giant frog (D:6)
  A crimson imp (D:5)
  A quasit (D:4)
  A jelly (D:5)
  4 orc priests (D:4)
  2 orc wizards (D:4)
  5 worker ants
  Jessica (D:3)
  A gnoll (D:1)
  6 adders
  A giant mite (D:1)
  3 worms
  8 giant geckos
  2 oozes
  21 orcs
  18 bats
  A bat skeleton (D:5)
  6 giant cockroaches
  13 goblins
  6 hobgoblins
  3 jackals (D:6)
  A quokka (D:6)
  3 ball pythons
  3 giant newts
  A goblin skeleton (D:4)
  A hobgoblin skeleton (D:5)
  17 kobolds
  9 rats
142 creatures vanquished.

Notes
Turn   | Place    | Note
--------------------------------------------------------------
     0 | D:1      | gw, the Minotaur Gladiator, began the quest for the Orb.
     0 | D:1      | Reached XP level 1. HP: 18/18 MP: 1/1
   153 | D:1      | Reached skill level 4 in Staves
   183 | D:1      | Reached XP level 2. HP: 25/25 MP: 1/1
   243 | D:1      | Reached skill level 1 in Armour
   574 | D:1      | Reached XP level 3. HP: 30/30 MP: 2/2
  1725 | D:2      | Reached XP level 4. HP: 37/37 MP: 2/2
  1984 | D:3      | Noticed Grinder
  1985 | D:3      | Noticed Jessica
  1994 | D:3      | Killed Grinder
  1994 | D:3      | Reached skill level 5 in Staves
  1994 | D:3      | Reached XP level 5. HP: 21/46 MP: 2/2
  1994 | D:3      | Reached XP level 6. HP: 23/52 MP: 3/3
  2001 | D:3      | Killed Jessica
  2403 | D:3      | Reached skill level 6 in Staves
  3342 | D:4      | Reached XP level 7. HP: 30/60 MP: 3/3
  4474 | D:5      | Entered Level 5 of the Dungeon
  4533 | D:5      | Noticed SlowGraham's ghost (average MiBe)
  4562 | D:5      | Killed SlowGraham's ghost
  4562 | D:5      | Reached skill level 5 in Fighting
  4562 | D:5      | Reached skill level 7 in Staves
  5067 | D:5      | Noticed Pikel
  5979 | D:6      | Reached skill level 5 in Throwing
  5979 | D:6      | Reached XP level 8. HP: 51/68 MP: 3/3
  6122 | D:6      | Noticed Edmund
  6196 | D:6      | Demolished by a goliath beetle

Action                   |  1- 3 |  4- 6 |  7- 9 || total
-------------------------+-------+-------+-------++-------
Melee: Quarterstaff      |    71 |    87 |   114 ||   272
Throw: Stone             |    99 |    24 |    88 ||   211
       Tomahawk          |       |    37 |    24 ||    61
Evoke: Wand              |       |       |     1 ||     1
  Use: Scroll            |     3 |     5 |       ||     8
       Potion            |     2 |     3 |     3 ||     8
  Eat: Chunk             |     3 |     4 |     9 ||    16

Vault maps used:
D:1:      tarquinn_simple_flora_water_d
D:2:      minmay_quantized
D:3:      uniq_jessica, uniq_grinder
D:4:      first_bread
D:5:      uniq_pikel
D:6:      temple_statues, uniq_edmund
